[ AOE2 MATCH · #466410222 ]
UnrankedChinese vs Bohemians
Player's team · LOSS
[ REPLAY ANALYSIS · EXTRACTED FROM THE RECORDED GAME ]
Feudal
12:49
Castle
23:37
Imperial
35:52
| APM avg | 28.8 |
| APM peak | 99 |
| eAPM avg | 13.3 |
| Villagers / military | 55 / 142 |
Focus
⚔️ 39.8% · 🌾 60.2%
Spearman ×135 · Chu Ko Nu ×7
Feudal
12:01
Castle
18:40
Imperial
—
| APM avg | 11.7 |
| APM peak | 39 |
| eAPM avg | 7.0 |
| Villagers / military | 62 / 34 |
Focus
⚔️ 18.0% · 🌾 82.0%
Hussite Wagon ×32 · Battering Ram ×2
Feudal
9:37
Castle
19:11
Imperial
30:44
| APM avg | 13.6 |
| APM peak | 34 |
| eAPM avg | 10.5 |
| Villagers / military | 113 / 250 |
Focus
⚔️ 29.6% · 🌾 70.4%
Archer ×160 · Scout Cavalry ×50 · Spearman ×35 · War Elephant ×4 · Monk ×1
Feudal
10:28
Castle
16:10
Imperial
31:05
| APM avg | 11.1 |
| APM peak | 38 |
| eAPM avg | 7.0 |
| Villagers / military | 59 / 60 |
Focus
⚔️ 30.1% · 🌾 69.9%
Hand Cannoneer ×30 · Spearman ×12 · Trade Cart ×12 · Genoese Crossbowman ×6 · Monk ×5 · Scorpion ×3
Feudal
11:24
Castle
15:44
Imperial
29:11
| APM avg | 29.1 |
| APM peak | 63 |
| eAPM avg | 21.2 |
| Villagers / military | 159 / 196 |
Focus
⚔️ 36.4% · 🌾 63.6%
Tarkan ×194 · Monk ×2
Feudal
11:58
Castle
18:23
Imperial
30:11
| APM avg | 19.0 |
| APM peak | 72 |
| eAPM avg | 13.9 |
| Villagers / military | 105 / 135 |
Focus
⚔️ 39.0% · 🌾 61.0%
Scout Cavalry ×85 · Hand Cannoneer ×45 · Bombard Cannon ×3 · Spearman ×2
Feudal
13:50
Castle
19:52
Imperial
41:48
| APM avg | 17.4 |
| APM peak | 51 |
| eAPM avg | 10.7 |
| Villagers / military | 125 / 51 |
Focus
⚔️ 29.5% · 🌾 70.5%
Knight ×36 · Militia ×13 · Monk ×2
Feudal
12:52
Castle
17:41
Imperial
33:50
| APM avg | 17.1 |
| APM peak | 35 |
| eAPM avg | 13.5 |
| Villagers / military | 143 / 76 |
Focus
⚔️ 25.6% · 🌾 74.4%
Spearman ×64 · Camel Scout ×5 · Trebuchet (Packed) ×5 · Monk ×2
Match map
Initial resources + every placement click. Lines = walls · curves = elevation contours. ◆ gold · ⬟ stone · ● berries · ✦ relic · ◌ wall gap
Inputs per minute
— 一匹屎豬跑路仔 - - mustafasahinsau
Build order — 一匹屎豬跑路仔
First 150 of 301 actions detected
| 0:10 | Research | Loom |
| 0:25 | Build | House |
| 0:26 | Build | House |
| 0:39 | Build | Lumber Camp |
| 2:48 | Create | Villager (Male) |
| 2:49 | Create | Villager (Male) |
| 2:49 | Create | Villager (Male) |
| 2:49 | Create | Villager (Male) |
| 3:06 | Build | House |
| 3:28 | Create | Villager (Male) |
| 3:49 | Build | House |
| 4:31 | Create | Villager (Male) |
| 4:31 | Create | Villager (Male) |
| 4:47 | Create | Villager (Male) |
| 4:47 | Create | Villager (Male) |
| 5:36 | Create | Villager (Male) |
| 5:36 | Create | Villager (Male) |
| 5:58 | Create | Villager (Male) |
| 6:08 | Create | Villager (Male) |
| 6:08 | Create | Villager (Male) |
| 7:00 | Create | Villager (Male) |
| 7:01 | Create | Villager (Male) |
| 7:01 | Create | Villager (Male) |
| 7:47 | Build | Mill |
| 8:30 | Create | Villager (Male) |
| 8:30 | Create | Villager (Male) |
| 8:30 | Create | Villager (Male) |
| 9:13 | Create | Villager (Male) |
| 9:45 | Create | Villager (Male) |
| 10:14 | Create | Villager (Male) |
| 10:30 | Research | Feudal Age |
| 10:52 | Build | Mining Camp |
| 12:49 | Age | Feudal Age |
| 12:51 | Research | Wheelbarrow |
| 12:52 | Research | Town Watch |
| 12:53 | Create | Villager (Male) |
| 12:53 | Create | Villager (Male) |
| 12:54 | Create | Villager (Male) |
| 12:54 | Create | Villager (Male) |
| 13:06 | Research | Gold Mining |
| 13:34 | Build | Farm |
| 13:35 | Build | Farm |
| 13:37 | Build | Farm |
| 13:47 | Build | Farm |
| 13:50 | Build | Farm |
| 13:59 | Build | Farm |
| 14:01 | Build | Farm |
| 14:08 | Build | Farm |
| 14:11 | Research | Stone Mining |
| 14:12 | Research | Horse Collar |
| 14:49 | Build | Mining Camp |
| 15:01 | Build | Barracks |
| 15:05 | Create | Villager (Male) |
| 15:08 | Create | Villager (Male) |
| 15:12 | Create | Villager (Male) |
| 15:34 | Build | Farm |
| 16:19 | Create | Villager (Male) |
| 16:21 | Create | Villager (Male) |
| 16:29 | Research | Double-Bit Axe |
| 16:29 | Research | Double-Bit Axe |
| 17:01 | Build | Outpost |
| 17:43 | Build | Stable |
| 18:04 | Create | Villager (Male) |
| 18:04 | Create | Villager (Male) |
| 18:34 | Build | Archery Range |
| 18:52 | Build | Farm |
| 19:18 | Build | House |
| 19:20 | Build | House |
| 19:25 | Create | Villager (Male) |
| 19:26 | Create | Villager (Male) |
| 19:54 | Build | Farm |
| 20:19 | Build | House |
| 20:20 | Build | House |
| 20:32 | Build | Farm |
| 20:57 | Research | Castle Age |
| 20:57 | Research | Castle Age |
| 21:08 | Build | House |
| 21:09 | Build | House |
| 21:55 | Build | Blacksmith |
| 22:36 | Build | Barracks |
| 22:52 | Research | Forging |
| 22:52 | Research | Scale Mail Armor |
| 23:18 | Research | Scale Barding Armor |
| 23:37 | Age | Castle Age |
| 23:38 | Research | Hand Cart |
| 23:38 | Research | Hand Cart |
| 23:40 | Create | Villager (Male) |
| 23:50 | Build | Barracks |
| 24:19 | Research | Pikeman (upgrade) |
| 24:34 | Build | Barracks |
| 24:41 | Research | Heavy Plow |
| 24:53 | Build | Lumber Camp |
| 25:20 | Build | Castle |
| 26:19 | Build | Farm |
| 26:24 | Research | Town Patrol |
| 26:25 | Research | Town Patrol |
| 26:51 | Build | Farm |
| 26:52 | Build | Farm |
| 26:53 | Build | Farm |
| 26:58 | Research | Squires |
| 27:02 | Research | Arson |
| 27:07 | Create | Spearman |
| 27:07 | Create | Spearman |
| 27:07 | Create | Spearman |
| 27:08 | Create | Spearman |
| 27:08 | Create | Spearman |
| 27:17 | Build | Barracks |
| 27:33 | Research | Iron Casting |
| 27:50 | Create | Spearman |
| 27:55 | Create | Spearman |
| 27:55 | Create | Spearman |
| 27:55 | Create | Spearman |
| 28:15 | Create | Spearman |
| 28:15 | Create | Spearman |
| 28:15 | Create | Spearman |
| 28:36 | Build | Mill |
| 29:01 | Create | Chu Ko Nu |
| 29:03 | Create | Chu Ko Nu |
| 29:03 | Create | Chu Ko Nu |
| 29:07 | Create | Chu Ko Nu |
| 29:19 | Research | Chain Mail Armor |
| 29:20 | Research | Chain Barding Armor |
| 29:23 | Create | Villager (Male) |
| 29:23 | Create | Villager (Male) |
| 29:43 | Build | Farm |
| 29:45 | Build | Farm |
| 29:51 | Create | Villager (Male) |
| 29:51 | Create | Villager (Male) |
| 29:57 | Build | Farm |
| 30:05 | Create | Villager (Male) |
| 31:05 | Build | Farm |
| 31:09 | Build | Farm |
| 31:17 | Create | Villager (Male) |
| 31:51 | Build | Stone Wall |
| 32:08 | Build | Farm |
| 32:14 | Create | Villager (Male) |
| 32:30 | Research | Great Wall |
| 32:42 | Research | Imperial Age |
| 33:32 | Create | Spearman |
| 33:33 | Create | Spearman |
| 33:33 | Create | Spearman |
| 33:33 | Create | Spearman |
| 33:33 | Create | Spearman |
| 33:33 | Create | Spearman |
| 33:34 | Create | Spearman |
| 33:34 | Create | Spearman |
| 33:34 | Create | Spearman |
| 33:34 | Create | Spearman |
| 33:35 | Create | Spearman |
| 33:35 | Create | Spearman |
Build order — mustafasahinsau
134 actions detected in the replay
| 0:09 | Build | House |
| 0:11 | Build | House |
| 0:16 | Create | Villager (Male) |
| 0:16 | Create | Villager (Male) |
| 0:17 | Create | Villager (Male) |
| 0:17 | Create | Villager (Male) |
| 1:13 | Build | Lumber Camp |
| 1:36 | Create | Villager (Male) |
| 2:17 | Create | Villager (Male) |
| 2:50 | Create | Villager (Male) |
| 3:14 | Create | Villager (Male) |
| 3:57 | Create | Villager (Male) |
| 3:57 | Create | Villager (Male) |
| 4:58 | Create | Villager (Male) |
| 4:58 | Create | Villager (Male) |
| 4:58 | Create | Villager (Male) |
| 4:59 | Create | Villager (Male) |
| 4:59 | Create | Villager (Male) |
| 5:01 | Create | Villager (Male) |
| 5:09 | Build | House |
| 5:11 | Build | House |
| 5:13 | Build | House |
| 5:49 | Create | Villager (Male) |
| 5:50 | Create | Villager (Male) |
| 5:50 | Create | Villager (Male) |
| 5:50 | Create | Villager (Male) |
| 6:54 | Create | Villager (Male) |
| 9:04 | Build | Mill |
| 9:51 | Research | Feudal Age |
| 11:06 | Build | Mining Camp |
| 12:01 | Age | Feudal Age |
| 12:21 | Create | Villager (Male) |
| 12:21 | Create | Villager (Male) |
| 12:21 | Create | Villager (Male) |
| 12:21 | Create | Villager (Male) |
| 12:51 | Build | House |
| 12:55 | Build | House |
| 13:59 | Build | Blacksmith |
| 14:06 | Build | Farm |
| 14:07 | Build | Farm |
| 14:08 | Build | Farm |
| 14:09 | Build | Farm |
| 14:12 | Build | Farm |
| 14:59 | Build | Market |
| 16:00 | Research | Castle Age |
| 16:07 | Build | Farm |
| 16:12 | Create | Villager (Male) |
| 16:12 | Create | Villager (Male) |
| 16:12 | Create | Villager (Male) |
| 17:35 | Research | Double-Bit Axe |
| 18:40 | Age | Castle Age |
| 18:44 | Research | Town Watch |
| 20:05 | Build | Farm |
| 20:06 | Build | Farm |
| 20:34 | Create | Villager (Male) |
| 20:34 | Create | Villager (Male) |
| 20:34 | Create | Villager (Male) |
| 20:34 | Create | Villager (Male) |
| 20:34 | Create | Villager (Male) |
| 20:34 | Create | Villager (Male) |
| 20:34 | Create | Villager (Male) |
| 20:34 | Create | Villager (Male) |
| 20:34 | Create | Villager (Male) |
| 22:21 | Build | Castle |
| 22:47 | Build | House |
| 23:34 | Build | Castle |
| 23:46 | Build | House |
| 23:48 | Build | House |
| 24:05 | Create | Villager (Male) |
| 24:05 | Create | Villager (Male) |
| 24:05 | Create | Villager (Male) |
| 24:06 | Create | Villager (Male) |
| 24:06 | Create | Villager (Male) |
| 24:06 | Create | Villager (Male) |
| 24:07 | Create | Villager (Male) |
| 24:26 | Research | Bow Saw |
| 24:56 | Build | Siege Workshop |
| 25:26 | Create | Hussite Wagon |
| 25:26 | Create | Hussite Wagon |
| 25:27 | Create | Hussite Wagon |
| 25:34 | Create | Villager (Male) |
| 25:34 | Create | Villager (Male) |
| 25:35 | Create | Villager (Male) |
| 25:35 | Create | Villager (Male) |
| 25:35 | Create | Villager (Male) |
| 25:35 | Create | Villager (Male) |
| 25:36 | Create | Villager (Male) |
| 27:09 | Create | Hussite Wagon |
| 27:09 | Create | Hussite Wagon |
| 27:09 | Create | Hussite Wagon |
| 27:09 | Create | Hussite Wagon |
| 28:15 | Create | Battering Ram |
| 28:15 | Create | Battering Ram |
| 28:32 | Create | Villager (Male) |
| 28:32 | Create | Villager (Male) |
| 28:33 | Create | Villager (Male) |
| 28:36 | Create | Villager (Male) |
| 28:36 | Create | Villager (Male) |
| 28:56 | Build | Siege Workshop |
| 29:00 | Build | Siege Workshop |
| 29:07 | Create | Villager (Male) |
| 29:07 | Create | Villager (Male) |
| 29:08 | Create | Villager (Male) |
| 29:08 | Create | Villager (Male) |
| 29:08 | Create | Villager (Male) |
| 29:08 | Create | Villager (Male) |
| 29:56 | Create | Hussite Wagon |
| 29:57 | Create | Hussite Wagon |
| 29:57 | Create | Hussite Wagon |
| 29:57 | Create | Hussite Wagon |
| 29:58 | Create | Hussite Wagon |
| 29:58 | Create | Hussite Wagon |
| 34:06 | Create | Hussite Wagon |
| 34:07 | Create | Hussite Wagon |
| 34:07 | Create | Hussite Wagon |
| 34:07 | Create | Hussite Wagon |
| 34:08 | Create | Hussite Wagon |
| 34:08 | Create | Hussite Wagon |
| 34:08 | Create | Hussite Wagon |
| 34:08 | Create | Hussite Wagon |
| 34:09 | Create | Hussite Wagon |
| 34:09 | Create | Hussite Wagon |
| 34:09 | Create | Hussite Wagon |
| 34:09 | Create | Hussite Wagon |
| 34:10 | Create | Hussite Wagon |
| 34:32 | Build | Lumber Camp |
| 35:58 | Create | Hussite Wagon |
| 35:58 | Create | Hussite Wagon |
| 35:58 | Create | Hussite Wagon |
| 35:59 | Create | Hussite Wagon |
| 35:59 | Create | Hussite Wagon |
| 35:59 | Create | Hussite Wagon |
| 36:12 | Build | Mining Camp |
| 36:59 | Build | Castle |
Build order — Cobrojed
First 150 of 343 actions detected
| 0:02 | Create | Villager (Male) |
| 0:02 | Create | Villager (Male) |
| 0:07 | Build | House |
| 0:07 | Build | House |
| 0:40 | Create | Villager (Male) |
| 0:40 | Create | Villager (Male) |
| 0:42 | Create | Villager (Male) |
| 1:23 | Build | Lumber Camp |
| 1:36 | Create | Villager (Male) |
| 2:15 | Create | Villager (Male) |
| 2:32 | Build | House |
| 2:34 | Build | House |
| 2:42 | Create | Villager (Male) |
| 2:52 | Create | Villager (Male) |
| 2:54 | Research | Loom |
| 4:22 | Create | Villager (Male) |
| 4:23 | Create | Villager (Male) |
| 4:31 | Create | Villager (Male) |
| 4:56 | Create | Villager (Male) |
| 5:13 | Create | Villager (Male) |
| 5:13 | Create | Villager (Male) |
| 6:20 | Build | Mill |
| 6:32 | Create | Villager (Male) |
| 6:55 | Create | Villager (Male) |
| 7:20 | Research | Feudal Age |
| 8:05 | Build | Mining Camp |
| 8:50 | Build | House |
| 8:51 | Build | House |
| 8:52 | Build | House |
| 9:33 | Create | Villager (Male) |
| 9:37 | Age | Feudal Age |
| 9:50 | Research | Double-Bit Axe |
| 9:52 | Research | Horse Collar |
| 10:05 | Research | Wheelbarrow |
| 10:14 | Build | Farm |
| 10:29 | Create | Villager (Male) |
| 10:49 | Research | Town Watch |
| 10:51 | Create | Villager (Male) |
| 11:25 | Build | Mining Camp |
| 11:32 | Create | Villager (Male) |
| 11:50 | Create | Villager (Male) |
| 12:22 | Build | Market |
| 12:32 | Create | Villager (Male) |
| 12:38 | Research | Town Watch |
| 12:48 | Build | Farm |
| 13:05 | Create | Villager (Male) |
| 13:33 | Build | Farm |
| 13:35 | Build | Farm |
| 13:38 | Build | Farm |
| 13:39 | Build | Farm |
| 13:50 | Build | Farm |
| 13:51 | Build | Farm |
| 14:00 | Build | Blacksmith |
| 14:12 | Build | Farm |
| 14:13 | Build | Farm |
| 14:16 | Build | Farm |
| 14:22 | Build | Farm |
| 14:25 | Create | Villager (Male) |
| 14:25 | Create | Villager (Male) |
| 15:15 | Create | Villager (Male) |
| 15:15 | Create | Villager (Male) |
| 15:23 | Build | Farm |
| 15:31 | Build | Farm |
| 15:40 | Create | Villager (Male) |
| 16:05 | Build | Farm |
| 16:14 | Build | Farm |
| 16:24 | Create | Villager (Male) |
| 16:45 | Research | Castle Age |
| 17:30 | Build | Barracks |
| 17:53 | Build | House |
| 17:55 | Build | House |
| 17:56 | Build | House |
| 17:58 | Build | House |
| 18:00 | Build | House |
| 18:07 | Create | Villager (Male) |
| 18:26 | Research | Stone Mining |
| 18:31 | Research | Gold Mining |
| 19:03 | Create | Villager (Male) |
| 19:11 | Age | Castle Age |
| 19:16 | Build | Monastery |
| 19:24 | Research | Hand Cart |
| 19:35 | Build | Town Center |
| 19:48 | Create | Villager (Male) |
| 19:48 | Create | Villager (Male) |
| 19:48 | Create | Villager (Male) |
| 19:49 | Create | Villager (Male) |
| 20:06 | Create | Monk |
| 20:20 | Create | Villager (Male) |
| 20:20 | Create | Villager (Male) |
| 20:24 | Research | Bow Saw |
| 20:42 | Create | Villager (Male) |
| 20:42 | Create | Villager (Male) |
| 20:51 | Build | Farm |
| 21:24 | Create | Villager (Male) |
| 21:24 | Create | Villager (Male) |
| 21:25 | Create | Villager (Male) |
| 21:26 | Create | Villager (Male) |
| 21:26 | Create | Villager (Male) |
| 21:27 | Create | Villager (Male) |
| 21:27 | Create | Villager (Male) |
| 21:31 | Research | Heavy Plow |
| 22:00 | Create | Villager (Male) |
| 22:00 | Create | Villager (Male) |
| 22:02 | Research | Hand Cart |
| 22:05 | Create | Villager (Male) |
| 23:06 | Build | Castle |
| 23:16 | Create | Villager (Male) |
| 23:16 | Create | Villager (Male) |
| 23:17 | Create | Villager (Male) |
| 23:18 | Create | Villager (Male) |
| 23:42 | Create | Villager (Male) |
| 23:43 | Create | Villager (Male) |
| 23:45 | Create | Villager (Male) |
| 23:45 | Create | Villager (Male) |
| 23:54 | Build | Farm |
| 23:55 | Build | Farm |
| 23:56 | Build | Farm |
| 24:17 | Build | Barracks |
| 24:18 | Build | Barracks |
| 24:20 | Build | Barracks |
| 24:25 | Build | Barracks |
| 24:35 | Build | Archery Range |
| 24:37 | Build | Archery Range |
| 24:39 | Build | Archery Range |
| 24:40 | Build | Archery Range |
| 24:47 | Create | Villager (Male) |
| 24:47 | Create | Villager (Male) |
| 24:49 | Create | Villager (Male) |
| 24:49 | Create | Villager (Male) |
| 25:09 | Research | Squires |
| 25:10 | Research | Pikeman (upgrade) |
| 25:22 | Build | Farm |
| 25:23 | Build | Farm |
| 25:24 | Build | Farm |
| 25:26 | Build | Farm |
| 25:28 | Build | Farm |
| 25:31 | Build | Farm |
| 25:58 | Build | Lumber Camp |
| 26:05 | Create | Villager (Male) |
| 26:06 | Create | Villager (Male) |
| 26:07 | Create | Villager (Male) |
| 26:08 | Create | Villager (Male) |
| 26:08 | Create | Villager (Male) |
| 26:10 | Create | Villager (Male) |
| 27:17 | Create | Spearman |
| 27:17 | Create | Spearman |
| 27:24 | Create | Spearman |
| 27:25 | Create | Spearman |
| 27:33 | Build | Archery Range |
| 27:35 | Build | Archery Range |
Build order — 周秋實欠錢不還
142 actions detected in the replay
| 0:08 | Build | House |
| 0:09 | Build | House |
| 0:14 | Build | House |
| 0:29 | Create | Villager (Male) ×4 |
| 1:44 | Create | Villager (Male) |
| 2:08 | Create | Villager (Male) |
| 2:54 | Create | Villager (Male) |
| 3:12 | Create | Villager (Male) |
| 3:37 | Build | Mill |
| 3:41 | Create | Villager (Male) |
| 3:56 | Create | Villager (Male) |
| 4:22 | Create | Villager (Male) |
| 5:02 | Create | Villager (Male) |
| 5:23 | Create | Villager (Male) |
| 5:43 | Create | Villager (Male) |
| 6:03 | Build | Lumber Camp |
| 6:11 | Create | Villager (Male) |
| 6:30 | Create | Villager (Male) |
| 6:51 | Build | House |
| 7:04 | Build | House |
| 7:06 | Build | House |
| 7:07 | Build | House |
| 7:12 | Create | Villager (Male) |
| 8:18 | Research | Feudal Age |
| 8:36 | Build | Mining Camp |
| 9:56 | Create | Villager (Male) |
| 9:57 | Create | Villager (Male) |
| 10:28 | Age | Feudal Age |
| 10:40 | Create | Villager (Male) |
| 10:52 | Build | Market |
| 11:10 | Create | Villager (Male) |
| 12:00 | Create | Villager (Male) |
| 12:15 | Build | Blacksmith |
| 12:30 | Build | Blacksmith |
| 12:37 | Create | Villager (Male) |
| 13:05 | Create | Villager (Male) |
| 13:21 | Build | Farm |
| 13:22 | Build | Farm |
| 13:22 | Build | Farm |
| 13:24 | Build | Farm |
| 13:25 | Build | Farm |
| 13:25 | Build | Farm |
| 13:30 | Research | Castle Age |
| 13:51 | Build | Mining Camp |
| 14:05 | Build | Farm |
| 15:25 | Build | Barracks |
| 15:42 | Create | Villager (Male) |
| 15:46 | Research | Double-Bit Axe |
| 15:49 | Research | Horse Collar |
| 16:10 | Age | Castle Age |
| 16:23 | Build | Monastery |
| 16:30 | Create | Villager (Male) |
| 16:31 | Create | Villager (Male) |
| 16:53 | Create | Villager (Male) |
| 17:14 | Create | Villager (Male) |
| 17:37 | Build | Town Center |
| 17:43 | Create | Villager (Male) |
| 18:02 | Build | House |
| 18:04 | Build | House |
| 18:07 | Create | Monk |
| 18:07 | Create | Monk |
| 18:10 | Create | Monk ×3 |
| 18:19 | Create | Villager (Male) |
| 18:54 | Build | House |
| 19:35 | Build | University |
| 19:48 | Create | Villager (Male) ×5 |
| 19:52 | Create | Villager (Male) |
| 20:11 | Build | Archery Range |
| 20:53 | Build | Siege Workshop |
| 21:05 | Research | Pikeman (upgrade) |
| 21:19 | Research | Man-at-Arms (upgrade) |
| 21:23 | Research | Arson |
| 22:02 | Create | Villager (Male) ×2 |
| 23:26 | Build | Castle |
| 23:49 | Build | Farm |
| 23:49 | Build | Farm |
| 23:51 | Build | Farm |
| 23:51 | Build | Farm |
| 23:52 | Build | Farm |
| 23:55 | Build | Farm |
| 24:03 | Create | Villager (Male) ×5 |
| 24:08 | Create | Villager (Male) |
| 24:30 | Create | Spearman |
| 24:31 | Create | Spearman |
| 24:54 | Build | Stable |
| 26:52 | Build | Archery Range |
| 26:53 | Build | Archery Range |
| 27:08 | Create | Villager (Male) ×5 |
| 27:18 | Research | Bow Saw |
| 27:20 | Research | Heavy Plow |
| 27:55 | Research | Imperial Age |
| 28:18 | Build | Mining Camp |
| 28:40 | Create | Genoese Crossbowman ×3 |
| 28:58 | Create | Villager (Male) |
| 29:01 | Research | Wheelbarrow |
| 29:06 | Research | Wheelbarrow |
| 29:08 | Create | Villager (Male) |
| 29:30 | Create | Genoese Crossbowman |
| 29:46 | Research | Silk Road |
| 30:04 | Build | Market |
| 30:24 | Research | Gold Mining |
| 30:28 | Create | Villager (Male) |
| 30:31 | Create | Villager (Male) |
| 30:40 | Build | Lumber Camp |
| 31:05 | Age | Imperial Age |
| 31:10 | Build | House |
| 31:10 | Build | House |
| 31:12 | Build | House |
| 31:13 | Build | House |
| 31:14 | Build | House |
| 31:15 | Build | House |
| 31:22 | Research | Chemistry |
| 31:24 | Research | Treadmill Crane |
| 31:24 | Research | Ballistics |
| 31:27 | Research | Masonry |
| 31:31 | Create | Genoese Crossbowman |
| 31:33 | Create | Trebuchet (Packed) |
| 31:49 | Create | Trebuchet (Packed) |
| 32:16 | Create | Villager (Male) ×5 |
| 32:41 | Create | Trade Cart ×5 |
| 32:43 | Create | Trade Cart ×5 |
| 32:44 | Create | Trade Cart ×2 |
| 32:59 | Create | Genoese Crossbowman |
| 33:42 | Create | Hand Cannoneer ×5 |
| 33:43 | Create | Hand Cannoneer ×3 |
| 35:25 | Research | Conscription |
| 36:15 | Research | Pikeman (upgrade) |
| 36:25 | Create | Hand Cannoneer ×5 |
| 36:26 | Create | Hand Cannoneer ×5 |
| 36:27 | Create | Hand Cannoneer ×5 |
| 36:27 | Create | Hand Cannoneer ×2 |
| 37:15 | Build | Castle |
| 37:30 | Research | Architecture |
| 37:42 | Create | Mangonel |
| 37:45 | Create | Mangonel |
| 37:59 | Create | Spearman ×5 |
| 38:51 | Create | Hand Cannoneer ×5 |
| 39:38 | Create | Spearman ×5 |
| 39:40 | Research | Long Swordsman (upgrade) |
| 39:47 | Create | Scorpion |
| 39:48 | Create | Scorpion |
| 39:49 | Create | Scorpion |
Build order — grene sha
First 150 of 504 actions detected
| 0:01 | Create | Villager (Male) |
| 0:01 | Create | Villager (Male) |
| 0:12 | Create | Villager (Male) |
| 0:29 | Create | Villager (Male) |
| 0:29 | Create | Villager (Male) |
| 1:28 | Create | Villager (Male) |
| 1:29 | Create | Villager (Male) |
| 1:51 | Build | Lumber Camp |
| 1:54 | Create | Villager (Male) |
| 1:55 | Create | Villager (Male) |
| 2:27 | Create | Villager (Male) |
| 2:28 | Create | Villager (Male) |
| 2:47 | Create | Villager (Male) |
| 2:47 | Create | Villager (Male) |
| 3:04 | Create | Villager (Male) |
| 3:04 | Create | Villager (Male) |
| 3:33 | Create | Villager (Male) |
| 3:34 | Create | Villager (Male) |
| 3:58 | Create | Villager (Male) |
| 3:59 | Create | Villager (Male) |
| 4:42 | Build | Mill |
| 5:04 | Create | Villager (Male) |
| 5:04 | Create | Villager (Male) |
| 5:04 | Create | Villager (Male) |
| 5:40 | Create | Villager (Male) |
| 5:41 | Create | Villager (Male) |
| 6:15 | Create | Villager (Male) |
| 6:15 | Create | Villager (Male) |
| 7:04 | Create | Villager (Male) |
| 7:12 | Create | Villager (Male) |
| 7:12 | Create | Villager (Male) |
| 7:27 | Create | Villager (Male) |
| 7:27 | Create | Villager (Male) |
| 7:46 | Create | Villager (Male) |
| 7:46 | Create | Villager (Male) |
| 8:07 | Build | Mill |
| 8:57 | Research | Feudal Age |
| 9:04 | Build | Farm |
| 9:38 | Build | Farm |
| 9:39 | Build | Farm |
| 10:12 | Build | Farm |
| 10:18 | Build | Farm |
| 10:27 | Build | Farm |
| 10:30 | Build | Farm |
| 10:57 | Create | Villager (Male) |
| 10:57 | Create | Villager (Male) |
| 11:24 | Age | Feudal Age |
| 11:28 | Build | Market |
| 11:51 | Create | Villager (Male) |
| 11:51 | Create | Villager (Male) |
| 12:09 | Build | Blacksmith |
| 12:54 | Research | Castle Age |
| 13:51 | Research | Double-Bit Axe |
| 13:54 | Research | Horse Collar |
| 14:11 | Create | Villager (Male) |
| 14:12 | Create | Villager (Male) |
| 15:22 | Create | Villager (Male) |
| 15:23 | Create | Villager (Male) |
| 15:44 | Age | Castle Age |
| 15:49 | Build | Town Center |
| 15:52 | Research | Bow Saw |
| 15:59 | Build | Monastery |
| 16:10 | Research | Heavy Plow |
| 16:13 | Create | Villager (Male) |
| 16:20 | Create | Villager (Male) |
| 16:20 | Create | Villager (Male) |
| 16:33 | Create | Monk |
| 16:50 | Create | Villager (Male) |
| 16:50 | Create | Villager (Male) |
| 16:54 | Create | Villager (Male) |
| 16:54 | Create | Villager (Male) |
| 17:12 | Create | Villager (Male) |
| 17:23 | Create | Villager (Male) |
| 17:24 | Create | Villager (Male) |
| 17:36 | Create | Monk |
| 17:48 | Build | Town Center |
| 17:50 | Create | Villager (Male) |
| 17:50 | Create | Villager (Male) |
| 18:05 | Create | Villager (Male) |
| 18:05 | Create | Villager (Male) |
| 18:08 | Create | Villager (Male) |
| 18:10 | Build | Farm |
| 18:12 | Build | Farm |
| 18:13 | Build | Farm |
| 18:32 | Create | Villager (Male) |
| 18:33 | Create | Villager (Male) |
| 18:41 | Build | Farm |
| 18:42 | Build | Farm |
| 18:43 | Build | Farm |
| 18:45 | Build | Farm |
| 18:47 | Create | Villager (Male) |
| 19:17 | Create | Villager (Male) |
| 19:17 | Create | Villager (Male) |
| 19:18 | Create | Villager (Male) |
| 19:18 | Create | Villager (Male) |
| 19:26 | Build | Farm |
| 19:29 | Create | Villager (Male) |
| 19:29 | Create | Villager (Male) |
| 19:33 | Build | Farm |
| 19:34 | Build | Farm |
| 19:35 | Build | Farm |
| 19:43 | Build | Farm |
| 19:44 | Build | Farm |
| 19:45 | Build | Farm |
| 19:46 | Create | Villager (Male) |
| 19:46 | Create | Villager (Male) |
| 19:51 | Create | Villager (Male) |
| 19:51 | Create | Villager (Male) |
| 20:17 | Create | Villager (Male) |
| 20:17 | Create | Villager (Male) |
| 20:18 | Create | Villager (Male) |
| 20:24 | Build | Farm |
| 20:25 | Create | Villager (Male) |
| 20:25 | Create | Villager (Male) |
| 20:29 | Create | Villager (Male) |
| 20:33 | Create | Villager (Male) |
| 20:33 | Create | Villager (Male) |
| 20:38 | Research | Wheelbarrow |
| 20:57 | Create | Villager (Male) |
| 20:57 | Create | Villager (Male) |
| 20:58 | Create | Villager (Male) |
| 20:58 | Create | Villager (Male) |
| 21:05 | Create | Villager (Male) |
| 21:05 | Create | Villager (Male) |
| 21:11 | Build | Farm |
| 21:12 | Build | Farm |
| 21:14 | Build | Farm |
| 21:15 | Build | Farm |
| 21:16 | Build | Farm |
| 21:19 | Create | Villager (Male) |
| 21:20 | Create | Villager (Male) |
| 21:25 | Build | Mill |
| 21:28 | Build | Farm |
| 21:33 | Build | Farm |
| 22:19 | Create | Villager (Male) |
| 22:19 | Create | Villager (Male) |
| 22:25 | Build | Lumber Camp |
| 22:28 | Create | Villager (Male) |
| 22:28 | Create | Villager (Male) |
| 22:36 | Build | Town Center |
| 22:38 | Create | Villager (Male) |
| 22:38 | Create | Villager (Male) |
| 23:15 | Create | Villager (Male) |
| 23:16 | Create | Villager (Male) |
| 23:31 | Build | Town Center |
| 23:35 | Create | Villager (Male) |
| 23:35 | Create | Villager (Male) |
| 23:41 | Create | Villager (Male) |
| 23:41 | Create | Villager (Male) |
| 23:43 | Build | Farm |
Build order — 一匹瘦馬走天涯
First 150 of 377 actions detected
| 0:08 | Build | House |
| 0:09 | Build | House |
| 0:12 | Build | House |
| 0:13 | Create | Villager (Male) |
| 0:14 | Create | Villager (Male) |
| 0:14 | Create | Villager (Male) |
| 0:22 | Create | Villager (Male) |
| 0:22 | Create | Villager (Male) |
| 0:40 | Build | House |
| 1:53 | Build | Mill |
| 2:02 | Create | Villager (Male) |
| 2:02 | Create | Villager (Male) |
| 2:26 | Create | Villager (Male) |
| 2:26 | Create | Villager (Male) |
| 2:56 | Create | Villager (Male) |
| 2:56 | Create | Villager (Male) |
| 3:18 | Create | Villager (Male) |
| 3:19 | Create | Villager (Male) |
| 3:37 | Create | Villager (Male) |
| 3:37 | Create | Villager (Male) |
| 4:11 | Create | Villager (Male) |
| 4:11 | Create | Villager (Male) |
| 4:22 | Create | Villager (Male) |
| 4:22 | Create | Villager (Male) |
| 4:57 | Create | Villager (Male) |
| 4:57 | Create | Villager (Male) |
| 4:58 | Create | Villager (Male) |
| 5:35 | Create | Villager (Male) |
| 5:36 | Create | Villager (Male) |
| 5:36 | Create | Villager (Male) |
| 5:44 | Build | House |
| 5:45 | Build | House |
| 5:48 | Build | House |
| 5:49 | Create | Villager (Male) |
| 5:50 | Create | Villager (Male) |
| 5:50 | Create | Villager (Male) |
| 7:23 | Build | Lumber Camp |
| 8:21 | Build | Lumber Camp |
| 8:33 | Create | Villager (Male) |
| 8:34 | Create | Villager (Male) |
| 8:34 | Create | Villager (Male) |
| 8:34 | Create | Villager (Male) |
| 8:34 | Create | Villager (Male) |
| 9:01 | Build | Mill |
| 9:38 | Research | Feudal Age |
| 10:05 | Build | Mining Camp |
| 10:54 | Create | Villager (Male) |
| 10:54 | Create | Villager (Male) |
| 10:55 | Create | Villager (Male) |
| 10:55 | Create | Villager (Male) |
| 11:39 | Build | Barracks |
| 11:58 | Age | Feudal Age |
| 12:17 | Build | Blacksmith |
| 12:33 | Build | Market |
| 12:41 | Research | Horse Collar |
| 12:52 | Research | Double-Bit Axe |
| 13:38 | Build | Farm |
| 13:40 | Build | Farm |
| 13:44 | Build | Farm |
| 14:05 | Build | Mill |
| 14:34 | Build | Farm |
| 14:35 | Build | Farm |
| 14:37 | Build | Farm |
| 14:38 | Build | Farm |
| 15:01 | Build | Mining Camp |
| 15:11 | Build | Farm |
| 15:30 | Build | Farm |
| 15:43 | Research | Castle Age |
| 15:43 | Research | Castle Age |
| 16:28 | Research | Gold Mining |
| 16:50 | Build | Farm |
| 17:34 | Build | Farm |
| 18:23 | Age | Castle Age |
| 18:27 | Build | Town Center |
| 18:33 | Research | Wheelbarrow |
| 18:38 | Research | Heavy Plow |
| 18:42 | Research | Stone Mining |
| 18:57 | Create | Villager (Male) |
| 18:57 | Create | Villager (Male) |
| 19:40 | Build | University |
| 19:53 | Build | Monastery |
| 20:02 | Create | Villager (Male) |
| 20:02 | Create | Villager (Male) |
| 20:03 | Create | Villager (Male) |
| 20:15 | Build | Farm |
| 20:19 | Build | Farm |
| 20:26 | Build | Farm |
| 20:31 | Build | Farm |
| 20:36 | Create | Villager (Male) |
| 20:37 | Create | Villager (Male) |
| 20:44 | Research | Gold Shaft Mining |
| 20:54 | Create | Villager (Male) |
| 20:56 | Create | Villager (Male) |
| 21:19 | Create | Villager (Male) |
| 21:22 | Create | Villager (Male) |
| 21:30 | Build | House |
| 21:32 | Build | House |
| 21:33 | Build | House |
| 21:48 | Create | Villager (Male) |
| 22:00 | Research | Loom |
| 22:02 | Create | Villager (Male) |
| 22:02 | Create | Villager (Male) |
| 22:14 | Build | Lumber Camp |
| 22:17 | Create | Villager (Male) |
| 22:46 | Build | Archery Range |
| 22:54 | Research | Town Watch |
| 22:59 | Create | Villager (Male) |
| 22:59 | Create | Villager (Male) |
| 23:00 | Create | Villager (Male) |
| 23:00 | Create | Villager (Male) |
| 23:03 | Create | Villager (Male) |
| 23:03 | Create | Villager (Male) |
| 23:04 | Create | Villager (Male) |
| 23:04 | Create | Villager (Male) |
| 23:05 | Create | Villager (Male) |
| 23:05 | Create | Villager (Male) |
| 23:05 | Create | Villager (Male) |
| 23:19 | Research | Bow Saw |
| 23:23 | Build | Farm |
| 23:29 | Create | Villager (Male) |
| 23:32 | Build | Lumber Camp |
| 24:00 | Build | Archery Range |
| 24:04 | Create | Spearman |
| 24:04 | Create | Spearman |
| 24:14 | Build | Farm |
| 24:34 | Build | Farm |
| 24:38 | Build | Mining Camp |
| 24:54 | Build | House |
| 24:56 | Build | House |
| 25:07 | Research | Hand Cart |
| 25:11 | Build | Farm |
| 25:31 | Build | House |
| 25:32 | Build | House |
| 26:07 | Build | Farm |
| 26:18 | Build | Farm |
| 26:30 | Build | Farm |
| 26:31 | Build | Farm |
| 26:31 | Build | Farm |
| 26:31 | Build | Farm |
| 26:31 | Build | Farm |
| 26:53 | Build | Siege Workshop |
| 27:02 | Research | Imperial Age |
| 27:18 | Research | Padded Archer Armor |
| 27:31 | Build | House |
| 27:32 | Build | House |
| 27:34 | Build | House |
| 27:46 | Build | Archery Range |
| 27:51 | Build | Archery Range |
| 28:01 | Research | Town Patrol |
| 28:24 | Build | Town Center |
Build order — NormaL
First 150 of 313 actions detected
| 0:04 | Research | Loom |
| 0:04 | Create | Villager (Male) |
| 0:04 | Create | Villager (Male) |
| 0:05 | Create | Villager (Male) |
| 0:05 | Create | Villager (Male) |
| 0:05 | Create | Villager (Male) |
| 0:10 | Build | House |
| 0:12 | Build | House |
| 1:10 | Build | House |
| 1:13 | Build | House |
| 1:15 | Build | House |
| 1:43 | Create | Villager (Male) |
| 1:43 | Create | Villager (Male) |
| 1:44 | Create | Villager (Male) |
| 2:32 | Create | Villager (Male) |
| 2:32 | Create | Villager (Male) |
| 2:32 | Create | Villager (Male) |
| 2:46 | Create | Villager (Male) |
| 2:46 | Create | Villager (Male) |
| 3:26 | Create | Villager (Male) |
| 3:27 | Create | Villager (Male) |
| 3:27 | Create | Villager (Male) |
| 3:37 | Create | Villager (Male) |
| 3:37 | Create | Villager (Male) |
| 3:37 | Create | Villager (Male) |
| 3:49 | Create | Villager (Male) |
| 3:49 | Create | Villager (Male) |
| 4:17 | Create | Villager (Male) |
| 4:17 | Create | Villager (Male) |
| 4:46 | Create | Villager (Male) |
| 4:46 | Create | Villager (Male) |
| 4:46 | Create | Villager (Male) |
| 4:59 | Create | Villager (Male) |
| 4:59 | Create | Villager (Male) |
| 4:59 | Create | Villager (Male) |
| 5:24 | Create | Villager (Male) |
| 5:24 | Create | Villager (Male) |
| 5:24 | Create | Villager (Male) |
| 5:24 | Create | Villager (Male) |
| 5:41 | Build | Mill |
| 6:26 | Create | Villager (Male) |
| 6:26 | Create | Villager (Male) |
| 6:53 | Build | Lumber Camp |
| 7:35 | Create | Villager (Male) |
| 7:35 | Create | Villager (Male) |
| 7:54 | Build | Mill |
| 8:08 | Create | Villager (Male) |
| 8:08 | Create | Villager (Male) |
| 9:30 | Create | Villager (Male) |
| 9:30 | Create | Villager (Male) |
| 9:30 | Create | Villager (Male) |
| 10:22 | Build | Mill |
| 10:38 | Build | Mill |
| 10:46 | Create | Villager (Male) |
| 10:53 | Build | House |
| 10:54 | Build | House |
| 11:08 | Create | Villager (Male) |
| 11:40 | Research | Feudal Age |
| 11:40 | Research | Feudal Age |
| 13:01 | Research | Double-Bit Axe |
| 13:04 | Research | Horse Collar |
| 13:16 | Build | Mining Camp |
| 13:30 | Build | House |
| 13:31 | Build | House |
| 13:44 | Create | Villager (Male) |
| 13:44 | Create | Villager (Male) |
| 13:50 | Age | Feudal Age |
| 14:13 | Create | Villager (Male) |
| 14:13 | Create | Villager (Male) |
| 14:36 | Research | Gold Mining |
| 14:47 | Build | Market |
| 14:50 | Build | Blacksmith |
| 15:04 | Build | Mining Camp |
| 15:35 | Create | Villager (Male) |
| 15:42 | Create | Villager (Male) |
| 16:13 | Build | Mill |
| 16:23 | Create | Villager (Male) |
| 17:12 | Research | Castle Age |
| 17:12 | Research | Castle Age |
| 18:09 | Research | Bow Saw |
| 18:19 | Research | Heavy Plow |
| 18:19 | Research | Heavy Plow |
| 18:33 | Build | Farm |
| 18:35 | Build | Farm |
| 18:37 | Build | Farm |
| 18:38 | Build | Farm |
| 18:40 | Build | Farm |
| 18:42 | Build | Farm |
| 18:44 | Build | Farm |
| 18:47 | Build | Farm |
| 19:38 | Build | Barracks |
| 19:52 | Age | Castle Age |
| 19:58 | Create | Villager (Male) |
| 19:58 | Create | Villager (Male) |
| 19:59 | Create | Villager (Male) |
| 19:59 | Create | Villager (Male) |
| 20:00 | Create | Villager (Male) |
| 20:12 | Build | Monastery |
| 20:27 | Build | Town Center |
| 20:42 | Create | Villager (Male) |
| 20:47 | Create | Monk |
| 21:20 | Build | Stable |
| 21:25 | Create | Villager (Male) |
| 21:25 | Create | Villager (Male) |
| 21:39 | Create | Monk |
| 22:09 | Create | Villager (Male) |
| 22:13 | Create | Villager (Male) |
| 22:13 | Create | Villager (Male) |
| 22:14 | Create | Villager (Male) |
| 22:14 | Create | Villager (Male) |
| 22:53 | Build | Castle |
| 23:02 | Research | Cavalier (upgrade) |
| 23:04 | Create | Knight |
| 23:04 | Create | Knight |
| 23:04 | Create | Knight |
| 23:04 | Create | Knight |
| 23:05 | Create | Knight |
| 23:14 | Build | Stable |
| 23:18 | Create | Villager (Male) |
| 23:18 | Create | Villager (Male) |
| 23:22 | Create | Villager (Male) |
| 23:23 | Create | Villager (Male) |
| 23:44 | Build | House |
| 23:46 | Build | House |
| 23:47 | Build | House |
| 23:49 | Build | House |
| 23:52 | Build | Town Center |
| 24:23 | Create | Knight |
| 24:23 | Create | Knight |
| 24:23 | Create | Knight |
| 24:24 | Create | Knight |
| 24:43 | Create | Villager (Male) |
| 24:43 | Create | Villager (Male) |
| 24:43 | Create | Villager (Male) |
| 24:43 | Create | Villager (Male) |
| 24:51 | Create | Villager (Male) |
| 24:51 | Create | Villager (Male) |
| 24:52 | Create | Villager (Male) |
| 24:52 | Create | Villager (Male) |
| 25:10 | Build | Stable |
| 25:12 | Build | Stable |
| 25:18 | Build | Stable |
| 25:25 | Build | Mining Camp |
| 25:42 | Build | Farm |
| 25:44 | Build | Farm |
| 25:46 | Build | Farm |
| 25:48 | Build | Farm |
| 25:50 | Build | Farm |
| 25:52 | Build | Farm |
| 25:53 | Build | Farm |
Build order — 所以狼
First 150 of 384 actions detected
| 0:01 | Create | Villager (Male) |
| 0:02 | Create | Villager (Male) |
| 0:02 | Create | Villager (Male) |
| 0:02 | Create | Villager (Male) |
| 0:02 | Create | Villager (Male) |
| 0:08 | Build | House |
| 0:34 | Build | House |
| 0:35 | Build | House |
| 0:36 | Build | House |
| 1:42 | Create | Villager (Male) |
| 2:11 | Create | Villager (Male) |
| 2:27 | Create | Villager (Male) |
| 2:32 | Build | Lumber Camp |
| 2:46 | Create | Villager (Male) |
| 3:28 | Create | Villager (Male) |
| 3:52 | Create | Villager (Male) |
| 4:18 | Create | Villager (Male) |
| 4:47 | Create | Villager (Male) |
| 4:52 | Build | Mill |
| 5:18 | Create | Villager (Male) |
| 5:48 | Create | Villager (Male) |
| 6:23 | Create | Villager (Male) |
| 6:41 | Create | Villager (Male) |
| 6:56 | Build | Farm |
| 7:07 | Create | Villager (Male) |
| 7:21 | Build | House |
| 7:22 | Build | House |
| 7:23 | Build | House |
| 7:32 | Create | Villager (Male) |
| 7:51 | Build | Farm |
| 7:59 | Create | Villager (Male) |
| 8:35 | Build | Farm |
| 8:37 | Create | Villager (Male) |
| 8:44 | Build | Mining Camp |
| 8:48 | Create | Villager (Male) |
| 9:08 | Build | Mining Camp |
| 9:09 | Create | Villager (Male) |
| 9:30 | Create | Villager (Male) |
| 10:02 | Create | Villager (Male) |
| 10:26 | Build | Farm |
| 10:42 | Research | Feudal Age |
| 11:03 | Build | Farm |
| 11:10 | Build | Farm |
| 11:57 | Build | Mill |
| 12:38 | Create | Villager (Male) |
| 12:38 | Create | Villager (Male) |
| 12:38 | Create | Villager (Male) |
| 12:39 | Create | Villager (Male) |
| 12:52 | Age | Feudal Age |
| 13:01 | Build | Blacksmith |
| 13:06 | Build | House |
| 13:25 | Build | Market |
| 13:34 | Create | Villager (Male) |
| 13:47 | Build | Farm |
| 14:14 | Build | Farm |
| 14:35 | Build | Farm |
| 15:01 | Research | Castle Age |
| 15:16 | Build | Barracks |
| 15:21 | Build | House |
| 15:30 | Research | Double-Bit Axe |
| 15:43 | Research | Horse Collar |
| 16:19 | Create | Villager (Male) |
| 16:19 | Create | Villager (Male) |
| 16:20 | Create | Villager (Male) |
| 17:06 | Build | Stable |
| 17:41 | Age | Castle Age |
| 17:49 | Build | Town Center |
| 17:54 | Create | Villager (Male) |
| 17:54 | Create | Villager (Male) |
| 17:55 | Create | Villager (Male) |
| 18:12 | Create | Camel Scout |
| 18:12 | Create | Camel Scout |
| 18:12 | Create | Camel Scout |
| 18:33 | Build | Monastery |
| 18:36 | Create | Villager (Male) |
| 18:36 | Create | Villager (Male) |
| 18:47 | Create | Camel Scout |
| 19:07 | Research | Scale Barding Armor |
| 19:12 | Create | Camel Scout |
| 19:15 | Create | Villager (Male) |
| 19:15 | Create | Villager (Male) |
| 19:16 | Create | Villager (Male) |
| 19:22 | Build | Mining Camp |
| 19:28 | Create | Villager (Male) |
| 20:00 | Create | Monk |
| 20:09 | Build | House |
| 20:10 | Build | House |
| 20:21 | Research | Gold Mining |
| 20:26 | Create | Villager (Male) |
| 20:26 | Create | Villager (Male) |
| 20:33 | Build | Farm |
| 20:34 | Build | Farm |
| 20:39 | Build | Farm |
| 20:41 | Create | Villager (Male) |
| 20:57 | Create | Monk |
| 21:19 | Build | Farm |
| 21:23 | Create | Villager (Male) |
| 21:23 | Create | Villager (Male) |
| 21:32 | Create | Villager (Male) |
| 21:32 | Create | Villager (Male) |
| 21:37 | Create | Villager (Male) |
| 21:37 | Create | Villager (Male) |
| 23:03 | Create | Villager (Male) |
| 23:03 | Create | Villager (Male) |
| 23:04 | Create | Villager (Male) |
| 23:11 | Build | Town Center |
| 23:14 | Create | Villager (Male) |
| 23:15 | Create | Villager (Male) |
| 23:26 | Build | House |
| 23:27 | Build | House |
| 23:42 | Research | Bloodlines |
| 24:23 | Create | Villager (Male) |
| 24:23 | Create | Villager (Male) |
| 24:23 | Create | Villager (Male) |
| 24:35 | Build | Farm |
| 24:37 | Build | Farm |
| 24:38 | Build | Farm |
| 24:40 | Build | Farm |
| 24:43 | Build | Farm |
| 24:46 | Build | Farm |
| 24:54 | Create | Villager (Male) |
| 24:55 | Create | Villager (Male) |
| 25:04 | Build | Farm |
| 25:18 | Build | Town Center |
| 25:22 | Create | Villager (Male) |
| 25:22 | Create | Villager (Male) |
| 25:23 | Create | Villager (Male) |
| 25:27 | Build | Farm |
| 25:29 | Create | Villager (Male) |
| 25:30 | Create | Villager (Male) |
| 25:32 | Create | Villager (Male) |
| 25:32 | Create | Villager (Male) |
| 25:52 | Build | House |
| 25:53 | Build | House |
| 25:54 | Build | House |
| 25:58 | Create | Villager (Male) |
| 25:58 | Create | Villager (Male) |
| 25:58 | Create | Villager (Male) |
| 27:11 | Build | Castle |
| 27:28 | Build | Building 487 |
| 28:07 | Build | Barracks |
| 28:08 | Build | Barracks |
| 28:09 | Build | Barracks |
| 28:10 | Build | Barracks |
| 28:13 | Create | Villager (Male) |
| 28:13 | Create | Villager (Male) |
| 28:13 | Create | Villager (Male) |
| 28:25 | Build | Farm |
| 28:26 | Build | Farm |
| 28:27 | Build | Farm |
Match timeline
| 9:37 | Cobrojed · age_up feudal |
| 10:28 | 周秋實欠錢不還 · age_up feudal |
| 11:24 | grene sha · age_up feudal |
| 11:39 | 一匹瘦馬走天涯 · first_building Barracks |
| 11:58 | 一匹瘦馬走天涯 · age_up feudal |
| 12:01 | mustafasahinsau · age_up feudal |
| 12:25 | grene sha · first_market_sell 100 food |
| 12:49 | 一匹屎豬跑路仔 · age_up feudal |
| 12:52 | 所以狼 · age_up feudal |
| 13:50 | NormaL · age_up feudal |
| 15:01 | 一匹屎豬跑路仔 · first_building Barracks |
| 15:16 | 所以狼 · first_building Barracks |
| 15:25 | 周秋實欠錢不還 · first_building Barracks |
| 15:44 | grene sha · age_up castle |
| 15:59 | grene sha · first_building Monastery |
| 16:10 | 周秋實欠錢不還 · age_up castle |
| 16:23 | 周秋實欠錢不還 · first_building Monastery |
| 16:39 | Cobrojed · first_market_buy 100 food |
| 17:06 | 所以狼 · first_building Stable |
| 17:30 | Cobrojed · first_building Barracks |
| 17:39 | 所以狼 · first_market_buy 100 wood |
| 17:41 | 所以狼 · age_up castle |
| 17:43 | 一匹屎豬跑路仔 · first_building Stable |
| 18:23 | 一匹瘦馬走天涯 · age_up castle |
| 18:33 | 所以狼 · first_building Monastery |
| 18:34 | 一匹屎豬跑路仔 · first_building Archery Range |
| 18:40 | mustafasahinsau · age_up castle |
| 19:11 | Cobrojed · age_up castle |
| 19:16 | Cobrojed · first_building Monastery |
| 19:38 | NormaL · first_building Barracks |
| 19:52 | NormaL · age_up castle |
| 19:53 | 一匹瘦馬走天涯 · first_building Monastery |
| 20:11 | 周秋實欠錢不還 · first_building Archery Range |
| 20:12 | NormaL · first_building Monastery |
| 20:35 | mustafasahinsau · first_market_buy 100 stone |
| 20:53 | 周秋實欠錢不還 · first_building Siege Workshop |
| 21:20 | NormaL · first_building Stable |
| 22:21 | mustafasahinsau · first_building Castle |
| 22:46 | 一匹瘦馬走天涯 · first_building Archery Range |
| 22:53 | NormaL · first_building Castle |
| 23:05 | mustafasahinsau · first_market_sell 100 wood |
| 23:06 | Cobrojed · first_building Castle |
| 23:26 | 周秋實欠錢不還 · first_building Castle |
| 23:37 | 一匹屎豬跑路仔 · age_up castle |
| 24:35 | Cobrojed · first_building Archery Range |
| 24:54 | 周秋實欠錢不還 · first_building Stable |
| 24:56 | mustafasahinsau · first_building Siege Workshop |
| 25:20 | 一匹屎豬跑路仔 · first_building Castle |
| 26:53 | 一匹瘦馬走天涯 · first_building Siege Workshop |
| 27:11 | 所以狼 · first_building Castle |
| 27:18 | grene sha · first_building Barracks |
| 27:26 | 周秋實欠錢不還 · first_market_buy 100 food |
| 27:26 | grene sha · first_building Castle |
| 27:30 | 周秋實欠錢不還 · first_market_sell 100 wood |
| 28:05 | grene sha · first_building Stable |
| 28:52 | 所以狼 · wall_segment Stone Wall x11 |
| 29:11 | grene sha · age_up imperial |
| 29:43 | 一匹瘦馬走天涯 · first_building Stable |
| 30:11 | 一匹瘦馬走天涯 · age_up imperial |
| 30:18 | 一匹瘦馬走天涯 · first_building Castle |
| 30:24 | 所以狼 · wall_segment Stone Wall x12 |
| 30:44 | Cobrojed · age_up imperial |
| 31:05 | 周秋實欠錢不還 · age_up imperial |
| 31:11 | 所以狼 · wall_segment Stone Wall x3 |
| 31:51 | 一匹屎豬跑路仔 · wall_segment Stone Wall x12 |
| 32:14 | 所以狼 · wall_segment Stone Wall x5 |
| 32:24 | 所以狼 · wall_segment Stone Wall x14 |
| 33:50 | 所以狼 · age_up imperial |
| 35:52 | 一匹屎豬跑路仔 · age_up imperial |
| 37:56 | Cobrojed · first_building Stable |
| 39:10 | mustafasahinsau · resign |
| 41:15 | grene sha · tribute_sent a jugador 1 |
| 41:15 | grene sha · tribute_sent a jugador 2 |
| 41:15 | grene sha · tribute_sent a jugador 3 |
| 41:15 | grene sha · tribute_sent a jugador 5 |
| 41:15 | grene sha · tribute_sent a jugador 6 |
| 41:15 | grene sha · tribute_sent a jugador 7 |
| 41:15 | grene sha · tribute_sent a jugador 8 |
| 41:47 | 一匹瘦馬走天涯 · wall_segment Stone Wall x9 |
| 41:48 | NormaL · age_up imperial |
| 45:01 | grene sha · tribute_sent a jugador 1 |
| 45:01 | grene sha · tribute_sent a jugador 2 |
| 45:01 | grene sha · tribute_sent a jugador 3 |
| 45:01 | grene sha · tribute_sent a jugador 5 |
| 45:01 | grene sha · tribute_sent a jugador 6 |
| 45:01 | grene sha · tribute_sent a jugador 7 |
| 45:01 | grene sha · tribute_sent a jugador 8 |
| 46:30 | 所以狼 · wall_segment Stone Wall x1 |
| 46:41 | grene sha · first_building Siege Workshop |
[ AI ANALYSIS · 1 CREDIT ]
What really happened in this match?
Wolo.gg analyzes every decision: build order, eco, micro, common mistakes by bracket. Personalized analysis on WhatsApp or Discord in 30 seconds.
Civ guide
Chinese
Perfil
Jugador #6721837